 Dungeon Sprint DCSS version 0.31-a0-331-geda263fcf1 (webtiles) character file.

Game seed: 11217822915767551798

25 dialectric the Trooper (level 3, -20/25 HPs)
             Began as a Gargoyle Cinder Acolyte on July 19, 2023.
             Was a High Priest of Ignis.
             Demolished by an ogre
             ... wielding a +0 giant club
              (30 damage)
             ... in the Dungeon (Sprint I: "Red Sonja").
             The game lasted 00:00:28 (53 turns).

dialectric the Trooper (Gargoyle Cinder Acolyte)      Turns: 53, Time: 00:00:29

Health: -20/25     AC:  6    Str: 17    XL:     3   Next: 4%
Magic:  4/4        EV: 11    Int: 14    God:    Ignis [*****.]
Gold:   0          SH:  0    Dex:  7    Spells: 4/4 levels left

rFire   + . .        a - -1 mace (flame)
rCold   . . .        (no shield)
rNeg    + . .        i - +0 leather armour
rPois   ∞            (no helmet)
rElec   +            (no cloak)
rCorr   .            (no gloves)
SInv    .            (no boots)
Will    .....        (no amulet)
Stlth   +            (no ring)
HPRegen 0.24/turn    (no ring)
MPRegen 0.09/turn

%: no teleportation
@: on berserk cooldown
A: sickness immunity, AC +3, negative energy resistance 1, electricity
resistance, torment resistance 1, petrification resistance
a: Renounce Religion, Fiery Armour, Foxfire Swarm, Rising Flame


You were in the Dungeon.
You worshipped Ignis.
Ignis was extremely pleased with you.
You visited 1 branch

Inventory:

Hand Weapons
 a - a -1 mace of flaming (weapon)
Armour
 b - a +0 robe
 i - a +0 leather armour (worn)
Wands
 g - a wand of paralysis (5)
Scrolls
 h - a scroll of blinking
Potions
 c - a potion of curing
 d - a potion of heal wounds
 e - a potion of haste
 f - 2 potions of magic


   Skills:
 + Level 4.8 Fighting
 + Level 4.4 Maces & Flails
 + Level 0.2 Dodging
 + Level 1.0 Spellcasting
 + Level 4.3 Fire Magic


You had 4 spell levels left.
You didn't know any spells.
Your spell library contained the following spells:

 Spells                   Type           Power      Damage    Failure   Level
 Scorch                   Fire           24%        2d6       9%          2


Dungeon Overview and Level Annotations

Branches:
Dungeon (1/1)

Altars:


Innate Abilities, Weirdness & Mutations

You are immune to sickness and miasma.
Your stone body is resilient. (AC +3)
You are immune to poison.
You resist negative energy. (rN+)
You are resistant to electric shocks. (rElec)
You are resistant to unholy torment.
You are immune to petrification.


Message History

You start removing your armour.
You continue taking off your +0 robe. x2
HP restored.
You continue taking off your +0 robe. x2
You finish taking off your +0 robe.
You start putting on your armour.
You continue putting on your +0 leather armour. x5
You finish putting on your +0 leather armour.
You start waiting.
You feel yourself speed up.
You open the door.
An ogre comes into view. It is wielding a +0 giant club.
The ogre shouts!
Aiming: Paralyse
Press: ? - help, Shift-Dir - straight line, f - ogre
Aim: an ogre, wielding a +0 giant club (chance to affect: 49%)
The ogre resists with some effort.
Unknown command.
You see here a +0 dagger.
The ogre attacks as you move away! The ogre hits you with a +0 giant club!
Ouch! That really hurt!
There is an open door here.
Aiming: Paralyse
Press: ? - help, Shift-Dir - straight line, f/p - ogre
Aim: an ogre, wielding a +0 giant club (chance to affect: 49%)
The ogre resists with some effort.
The ogre barely misses you.
Unknown command.
Unknown command.
Aiming: Paralyse
Press: ? - help, Shift-Dir - straight line, f/p - ogre
Aim: an ogre, wielding a +0 giant club (chance to affect: 49%)
The ogre resists with some effort.
Unknown command.
Unknown command.
Hit: a) -1 mace (flame)
Press: ? - help, Dir - move target, f/p - ogre
Aim: an ogre, wielding a +0 giant club (about 27% to evade your -1 mace of flaming)
You barely miss the ogre.
The ogre hits you with a +0 giant club!!
Ouch! That really hurt!
You die...

##########
#<.#..'..#
#..@O.#..+
#..#### +#
#..# #..#
#..# #⌠⌠#
####


You could see an ogre.

Vanquished Creatures
  Ijyb (D)
1 creature vanquished.

Notes
Turn   | Place    | Note
-------+----------+-------------------------------------------
     0 | D        | dialectric the Gargoyle Cinder Acolyte began the quest for
                  | the Orb.
     0 | D        | Reached XP level 1. HP: 14/14 MP: 2/2
     2 | D        | Noticed Ijyb
     2 | D        | Paralysed by Ijyb for 5 turns
    11 | D        | Paralysed by Ijyb for 2 turns
    16 | D        | Killed Ijyb
    17 | D        | Reached XP level 2. HP: 20/20 MP: 3/3
    17 | D        | Reached XP level 3. HP: 25/25 MP: 4/4
    47 | D        | Noticed an ogre
    53 | D        | Demolished by an ogre

Illustrated notes

Levels and vault maps discovered:
D:        dungeon_sprint_1 [red_sonja_temple_1, red_sonja_temple_small_1]

Skill      XL: |  1 |
---------------+----+-----
Fighting       | 4 |  4.8
Maces & Flails | 4 |  4.4
Fire Magic     | 4 |  4.3
Dodging        | |  0.2
Spellcasting   | |  1.0

Action                     || total
---------------------------++-------
  Melee: Mace              ||     8
  Evoke: Wand              ||     3
    Use: Potion            ||     1
 Armour: Robe              ||     1
  Dodge: Dodged            ||     2

Table legend: (Time is in decaauts)
 A = Elapsed time spent in this place.
 B = Non-inter-level travel time spent in this place.
 C = Inter-level travel time spent in this place.
 D = Time resting spent in this place.
 E = Time spent auto-exploring this place.
 F = Levels seen in this place.
 G = Mean time per level.
                   A        B        C        D        E       F      G
               +--------+--------+--------+--------+--------+-----+--------+
         Total |     64 |     64 |      0 |     18 |      0 |   1 |   64.0 |
       Dungeon |     64 |     64 |      0 |     18 |      0 |   1 |   64.0 |
               +--------+--------+--------+--------+--------+-----+--------+

Top non-repeatable levels by time:
       D: 64 daAuts
